 Dungeon Crawl Stone Soup version 0.23-a0-612-gcb482e9 (webtiles) character file.

92 Borgoz the Skirmisher (level 4, -4/40 HPs)
             Began as a Ghoul Abyssal Knight on Dec 22, 2018.
             Was a Follower of Lugonu.
             Killed from afar by Natasha (8 damage)
             ... with a magic dart
             ... on level 2 of the Dungeon.
             The game lasted 00:02:27 (1181 turns).

Borgoz the Skirmisher (Ghoul Abyssal Knight)        Turns: 1181, Time: 00:02:28

Health: -4/40      AC:  8    Str: 15    XL:     4   Next: 60%
Magic:  5/5        EV:  7    Int:  7    God:    Lugonu [*.....]
Gold:   52         SH:  0    Dex:  9    Spells: 3/3 levels left

rFire    . . .     SeeInvis .   a - +1 hand axe
rCold    + . .     Gourm    .   (no shield)
rNeg     + + +     Faith    .   e - +0 chain mail
rPois    ∞         Spirit   .   (no helmet)
rElec    .         Reflect  .   (no cloak)
rCorr    .         Harm     .   (no gloves)
MR       +....                  (no boots)
Stlth    ..........             (no amulet)
HPRegen  0.00/turn              g - ring of flight
MPRegen  0.09/turn              k - ring of protection from magic

@: rotting
A: rotting body, claws 1, carnivore, cold resistance 1, negative energy
resistance 3, inhibited regeneration, torment resistance, unbreathing
a: Depart the Abyss, Renounce Religion, Evoke Flight


You were on level 2 of the Dungeon.
You worshipped Lugonu.
Lugonu was aware of your devotion.
You were not hungry.

You visited 1 branch of the dungeon, and saw 2 of its levels.
You visited the Abyss 1 time.

You collected 52 gold pieces.

Inventory:

Hand Weapons
 a - a +1 hand axe (weapon)
Armour
 e - a +0 chain mail (worn)
Jewellery
 g - a ring of flight (left claw)
 k - a ring of protection from magic (right claw)
 l - a +2 ring of dexterity {unknown}
Scrolls
 b - a scroll of identify {unknown}
 d - 3 scrolls of enchant armour {unknown}
 f - a scroll of fear {unknown}
Potions
 h - 2 potions of curing {unknown}
 i - a potion of brilliance {unknown}
 j - a potion of berserk rage {unknown}
Comestibles
 c - 3 rations
 m - 4 chunks of flesh


   Skills:
 + Level 3.9 Fighting
 + Level 2.4 Axes
 + Level 2.4 Armour
 + Level 1.7 Dodging
 + Level 2.8 Invocations


You had 3 spell levels left.
You didn't know any spells.
Your spell library was empty.

Dungeon Overview and Level Annotations

Branches:
Dungeon (2/15)

Altars:
Okawaru

Annotations:
D:2 Natasha


Innate Abilities, Weirdness & Mutations

Your body is rotting away.
You thrive on raw meat.
You are immune to poison.
You have sharp fingernails.
You are carnivorous and can eat meat at any time.
Your flesh is cold resistant. (rC+)
You are immune to negative energy. (rN+++)
You do not regenerate when monsters are visible.
You are immune to unholy pain and torment.
You can survive without breathing.


Message History

* * * LOW HITPOINT WARNING * * *
The crimson imp hits you but does no damage.
You hit Natasha but do no damage.
Natasha is moderately wounded.
You completely miss the crimson imp. Natasha claws you.
* * * LOW HITPOINT WARNING * * *
The crimson imp hits you.
* * * LOW HITPOINT WARNING * * *
You hit Natasha but do no damage.
Natasha is moderately wounded.
You barely miss the crimson imp.
Natasha casts a spell.
The crimson imp blinks!
Unknown command.
You closely miss Natasha.
Natasha is moderately wounded.
Natasha misses you.
Natasha stares at you and mumbles some strange words.
The magic dart hits you!
You die...

#.###... #.....#...
...#♣.8 #.....#..#
#.#... #.....#.. #....#
#...5...# #####.....
#....5..###.##.(....##
....(#.......####.##
#†h)...>....####.#.
#@.# .............
#####..###......###))#
........(....##.# #..#
#####.....##....####..#
#..................
#..................
#.......<..^<.......
...#.............)...
....#......####.####.#


You could see Natasha, a crimson imp and a white imp.

Vanquished Creatures
  Natasha (D:2)
  2 gnolls (D:1)
  2 oozes
  A dart slug (D:1)
  3 leopard geckos
  4 giant cockroaches (D:2)
  3 goblins
  2 hobgoblins
  6 jackals (D:1)
  2 bats
  3 frilled lizards (D:1)
  2 kobolds
  4 rats
35 creatures vanquished.

Notes
Turn   | Place    | Note
-------+----------+-------------------------------------------
     0 | Abyss:1  | Borgoz the Ghoul Abyssal Knight began the quest for the
                  | Orb.
     0 | Abyss:1  | Reached XP level 1. HP: 19/19 MP: 1/1
     3 | Abyss:1  | Found a corrupted altar of Lugonu.
    13 | Abyss:2  | Found a corrupted altar of Lugonu.
    16 | Abyss:2  | Noticed an ancient zyme
    19 | D:1      | Escaped the Abyss
    71 | D:1      | Reached skill level 1 in Dodging
    75 | D:1      | Reached XP level 2. HP: 22/26 MP: 2/2
   194 | D:1      | Reached * piety under Lugonu
   194 | D:1      | Reached XP level 3. HP: 19/31 MP: 3/3
   935 | D:2      | Found an iron altar of Okawaru.
   982 | D:2      | Noticed Natasha
   992 | D:2      | Killed Natasha
   992 | D:2      | Reached XP level 4. HP: 23/40 MP: 3/5
  1157 | D:2      | Noticed Natasha
  1181 | D:2      | Killed from afar by Natasha

Vault maps used:
D:1:      matt_arrival_spirals
D:2:      okawaru_trees_1, makhleb_grotto_becter, kennysheep_nub,
          chequers_avenue, corexii_corridor_pit, uniq_natasha, uniq_terence

Skill      XL: |  1  2 |
---------------+-------+-----
Dodging        | 1 |  1.7
Armour         | 2 |  2.4
Axes           | 2 |  2.4
Fighting       | |  3.9
Invocations    | |  2.8

Action                   |  1- 3 |  4- 6 || total
-------------------------+-------+-------++-------
Melee: Hand axe          |    97 |    42 ||   139
Invok: Depart the Abyss  |     1 |       ||     1
  Eat: Chunk             |    12 |     2 ||    14
Armor: Chain mail        |    71 |    30 ||   101
Dodge: Dodged            |    47 |    12 ||    59

Table legend:
 A = Non-vault XP
 B = Vault XP
 C = Vault XP percentage of total XP
 D = Non-vault monster count
 E = Vault monster count
 F = Vault count percentage of total count
                 A         B        C        D         E       F
            +---------+---------+-------+---------+---------+-------
      Total |      97 |      35 |  26.5 |      34 |       1 |   2.9
            +---------+---------+-------+---------+---------+-------
        D:1 |      70 |       0 |   0.0 |      22 |       0 |   0.0
        D:2 |      27 |      35 |  56.5 |      12 |       1 |   7.7
            +---------+---------+-------+---------+---------+-------
